 Dungeon Crawl Stone Soup version 0.28-a0-851-g8b9cc49659 (webtiles) character file.

Game seed: 8103321993914594421

169 wakim the Skirmisher (level 5, -3/46 HPs)
             Began as a Ghoul Fighter on Nov 14, 2021.
             Was a Follower of Trog.
             Blown up by Ijyb (23 damage)
             ... with a mindburst bolt
             ... on level 3 of the Dungeon.
             The game lasted 00:05:38 (2884 turns).

wakim the Skirmisher (Ghoul Fighter)                Turns: 2884, Time: 00:05:39

Health: -3/46      AC:  9    Str: 20    XL:     5   Next: 50%
Magic:  4/4        EV:  9    Int:  4    God:    Trog [*.....]
Gold:   101        SH:  4    Dex:  8    Spells: 4/4 levels left

rFire   . . .      SeeInvis .   b - +0 hunting sling
rCold   + . .      Faith    .   j - +0 buckler
rNeg    + + +      Spirit   .   a - +0 scale mail
rPois   ∞          Reflect  .   n - +0 helmet
rElec   .          Harm     .   (no cloak)
rCorr   .          Rampage  .   (no gloves)
Will    .....                   m - +0 pair of boots
Stlth   ..........              (no amulet)
HPRegen 0.00/turn               (no ring)
MPRegen 0.09/turn               (no ring)

@: inhibited regen
A: claws 1, cold resistance 1, negative energy resistance 3, inhibited
regeneration, torment resistance 2
a: Renounce Religion


You were on level 3 of the Dungeon.
You worshipped Trog.
Trog was aware of your devotion.
You visited 1 branch of the dungeon, and saw 3 of its levels.

You collected 101 gold pieces.

Inventory:

Hand Weapons
 b - a +0 hunting sling (weapon)
Missiles
 h - 44 sling bullets (quivered ammo)
 i - 18 bolts
Armour
 a - a +0 scale mail (worn)
 j - a +0 buckler (worn)
 m - a +0 pair of boots (worn)
 n - a +0 helmet (worn)
Scrolls
 c - 2 scrolls of teleportation {unknown}
 e - a scroll of summoning {unknown}
 g - 4 scrolls of identify {unknown}
 k - a scroll of magic mapping {unknown}
 p - a scroll of acquirement {unknown}
 q - a scroll of enchant armour {unknown}
 r - 3 scrolls of amnesia {unknown}
Potions
 d - 2 potions of haste {unknown}
 f - 2 potions of berserk rage {unknown}
 l - a potion of heal wounds {unknown}
 o - a potion of degeneration {unknown}
 N - a potion of might


   Skills:
 + Level 3.9 Fighting
 + Level 3.3 Armour
 * Level 3.8 Shields
 * Level 3.9 Unarmed Combat


You had 4 spell levels left.
You didn't know any spells.
Your spell library contained the following spells:

 Spells                   Type           Power      Damage    Failure   Level
 Apportation              Tloc           0%         N/A       86%         1
 Slow                     Hex            0%         N/A       86%         1
 Confusing Touch          Hex            0%         N/A       99%         3
 Vampiric Draining        Necr           0%         2d6       99%         3


Dungeon Overview and Level Annotations

Branches:
Dungeon (3/15)

Altars:
Trog

Annotations:
D:1 dig
D:3 Ijyb, Pargi


Innate Abilities, Weirdness & Mutations

You thrive by killing the living.
You are immune to poison.
You have sharp fingernails.
Your flesh is cold resistant. (rC+)
You are immune to negative energy. (rN+++)
You do not regenerate when monsters are visible.
You are immune to unholy pain and torment.


Message History

Trog appreciates your killing of a magic user.
You feel better.
You start resting.
HP restored.
Things that are here:
a +0 dagger; a +0 robe; an orc skeleton You see here a +0 hand axe.
Things that are here:
a +0 dagger; a +0 leather armour
There is an open door here.
You now have 90 gold pieces (gained 14).
You now have 101 gold pieces (gained 11).
q - a scroll labelled WOPIEMISIU
Found 3 scrolls labelled AMYUPA NYGIRGH.
r - 3 scrolls labelled AMYUPA NYGIRGH
There is a stone staircase leading down here.
You see here 16 stones.
You open the door.
There is an open door here.
Ijyb the Twisted Goblin comes into view.
She is wielding a +0 dagger and carrying a wand of mindburst (15).
Ijyb zaps a wand.
You barely resist.
b - a +0 hunting sling (weapon)
You shoot a sling bullet.
The sling bullet hits Ijyb but does no damage.
You shoot a sling bullet. The sling bullet hits Ijyb!
Ijyb is moderately wounded.
Ijyb screams, "I cut your head off!"
Ijyb zaps a wand.
Your mind is blasted!
Ijyb zaps a wand.
Your mind is blasted!
* * * LOW HITPOINT WARNING * * *
There is an open door here.
You close the door.
Ijyb opens the door.
Ijyb zaps a wand.
Your mind is blasted!
Ouch! That really hurt!
You die...

############....# #.#
#...............# #.##########
#.###########+### #..(........
#.# #.# #.########## #.# #.#
#.....#..... #.# #.# #.<.#.#.####
##.# #.# #...#.#.###.
...###########.#######...........
...'.....g......@.......####.####
...###########.########......##
#### #.# #..........# #.#
#..>.......# #.# #..........#
###########.### #..........#
#.............# #..........###
#.#########.#.# #..........##.
##..........#.# #..........##.


You could see Ijyb.

Vanquished Creatures
  Natasha (thrice) (D:2)
  An orc wizard (D:3)
  3 gnolls (D:2)
  A worm (D:2)
  3 orcs (D:3)
  5 ball pythons
  2 endoplasms (D:2)
  2 giant cockroaches (D:1)
  A goblin (D:2)
  2 hobgoblins
  3 jackals (D:1)
  A kobold (D:3)
  2 quokkas
  3 bats
  7 frilled lizards
  3 rats (D:1)
42 creatures vanquished.

Notes
Turn   | Place    | Note
-------+----------+-------------------------------------------
     0 | D:1      | wakim the Ghoul Fighter began the quest for the Orb.
     0 | D:1      | Reached XP level 1. HP: 19/19 MP: 0/0
     8 | D:1      | Noticed a bullfrog
   193 | D:1      | Reached XP level 2. HP: 20/26 MP: 1/1
   822 | D:1      | Found a faded altar of an unknown god.
   833 | D:1      | Got Plato's Guide on the Compass
   834 | D:1      | Prayed at the altar of an unknown god.
   834 | D:1      | Became a worshipper of Trog the Wrathful
   834 | D:1      | Reached * piety under Trog
  1025 | D:2      | Reached XP level 3. HP: 31/31 MP: 2/2
  1602 | D:2      | Reached XP level 4. HP: 26/39 MP: 3/3
  1804 | D:2      | Noticed Natasha
  1813 | D:2      | Killed Natasha
  1893 | D:2      | Noticed Natasha
  1902 | D:2      | Killed Natasha
  1933 | D:2      | Noticed Natasha
  1945 | D:2      | Killed Natasha
  1946 | D:2      | Reached XP level 5. HP: 45/46 MP: 4/4
  2156 | D:3      | Noticed Pargi
  2862 | D:3      | Noticed Ijyb
  2884 | D:3      | Blown up by Ijyb

Illustrated notes

Levels and vault maps discovered:
D:1:      evilmike_arrival_come_back, layout_loops_ring,
          shapermc_ecumenical_altar_rom_forum, minmay_tiny_reverse_x
D:2:      layout_loops_ring, minivault_27, minmay_hedge_maze, uniq_natasha
D:3:      layout_basic, mainiacjoe_overflow_two_lobes, uniq_grinder, uniq_pargi,
          uniq_ijyb

Skill      XL: |  1  2  3 |
---------------+----------+-----
Shields        | 3 |  3.8
Armour         | 3 |  3.3
Unarmed Combat | 3 |  3.9
Fighting       | |  3.9

Action                   |  1- 3 |  4- 6 || total
-------------------------+-------+-------++-------
Melee: Unarmed           |   103 |    45 ||   148
 Fire: Hunting sling     |    11 |    22 ||    33
Armor: Scale mail        |    51 |    31 ||    82
Dodge: Dodged            |    53 |    16 ||    69
Block: Buckler           |    27 |    10 ||    37

Table legend: (Time is in decaauts)
 A = Elapsed time spent in this place.
 B = Non-inter-level travel time spent in this place.
 C = Inter-level travel time spent in this place.
 D = Time resting spent in this place.
 E = Time spent auto-exploring this place.
 F = Levels seen in this place.
 G = Mean time per level.
                   A        B        C        D        E       F      G
               +--------+--------+--------+--------+--------+-----+--------+
         Total |   2883 |   2730 |    153 |    320 |   1928 |   3 |  961.0 |
       Dungeon |   2883 |   2730 |    153 |    320 |   1928 |   3 |  961.0 |
               +--------+--------+--------+--------+--------+-----+--------+

Top non-repeatable levels by time:
     D:1: 1155 daAuts
     D:2: 979 daAuts
     D:3: 749 daAuts
